 Dungeon Crawl Stone Soup version 0.26.1-10-gdfb7c7de75 (webtiles) character file.

Game seed: 18156564482758505331

286 manyhoops the Ruffian (level 6, -12/56 HPs)
             Began as a Palentonga Transmuter on Apr 9, 2021.
             Killed from afar by Pikel (15 damage)
             ... with an iceblast
             ... on level 4 of the Dungeon.
             The game lasted 00:04:42 (4659 turns).

manyhoops the Ruffian (Palentonga Transmuter)       Turns: 4659, Time: 00:04:42

Health: -12/56     AC:  4    Str: 15    XL:     6   Next: 8%
Magic:  0/9        EV: 10    Int: 13    God:
Gold:   165        SH:  0    Dex: 11    Spells: 6/9 levels left

rFire    . . .     SeeInvis +     - Unarmed
rCold    . . .     Faith    .   (no shield)
rNeg     . . .     Spirit   +   a - +0 robe
rPois    .         Reflect  .   (helmet currently unavailable)
rElec    .         Harm     .   (no cloak)
rCorr    .         Rampage  .   (no gloves)
Will     .....                  (no barding)
Stlth    +.........             m - amulet of guardian spirit
HPRegen  0.18/turn              (no ring)
MPRegen  0.11/turn              (no ring)

@: appendages (expiring), wereblooded
A: large, horns 2, talons 2, rugged brown scales 3, see invisible, deformed
body, roll 1, armoured tail
a: Rolling Charge, End Transformation


You were on level 4 of the Dungeon.
You had grown temporary horns.
You had grown temporary talons.
You visited 1 branch of the dungeon, and saw 4 of its levels.

You collected 165 gold pieces.

Inventory:

Armour
 a - a +0 robe (worn)
Jewellery
 m - an amulet of guardian spirit (around neck)
Wands
 l - a wand of acid (3)
 p - a wand of iceblast (3)
Scrolls
 c - a scroll of fear
 d - 2 scrolls of blinking
 e - 2 scrolls of remove curse
 g - 4 scrolls of magic mapping
 i - 2 scrolls of teleportation
 n - a scroll of enchant armour
Potions
 b - a potion of magic {unknown}
 f - a potion of lignification
 h - a potion of brilliance
 j - a potion of degeneration
 k - a potion of haste
 o - a potion of curing {unknown}


   Skills:
 - Level 4.4 Fighting
 - Level 1.5 Dodging
 + Level 5.2 Unarmed Combat
 - Level 2.0 Spellcasting
 - Level 2.0 Transmutations


You had 6 spell levels left.
You knew the following spells:

 Your Spells              Type           Power        Failure   Level
a - Beastly Appendage     Tmut           12%          11%         1
b - Wereblood             Tmut           6%           17%         2

Your spell library contained the following spells:

 Spells                   Type           Power        Failure   Level
 Spider Form              Tmut/Pois      1%           45%         3
 Ice Form                 Ice/Tmut       3%           86%         4
 Blade Hands              Tmut           3%           97%         5


Dungeon Overview and Level Annotations

Branches:
Dungeon (4/15)
 Temple: D:4-7

Altars:
Nemelex Xobeh
Okawaru
Vehumet
Wu Jian
Xom
Yredelemnul

Annotations:
D:4 Pikel


Innate Abilities, Weirdness & Mutations

You are completely covered in rugged brown scales. (AC +3, +7% HP)
You have supernaturally acute eyesight. (SInv)
Armour fits poorly on your strangely shaped body.
You can roll at nearby foes to attack.
You have a long armoured tail.
You have a pair of horns on your head.
You have razor-sharp toenails.


Message History

You hit Pikel. Your headbutt misses Pikel.
Your tail-slap misses Pikel.
Pikel is almost dead.
The lemure hits you.
Pikel hits you with a +1 whip of freezing!
Pikel freezes you.
* * * LOW HITPOINT WARNING * * *
You completely miss Pikel. You claw Pikel, but do no damage.
Pikel is almost dead.
The lemure hits you but does no damage. The lemure hits you.
* * * LOW HITPOINT WARNING * * *
Pikel hits you with a +1 whip of freezing!
* * * LOW HITPOINT WARNING * * *
Pikel freezes you.
* * * LOW HITPOINT WARNING * * *
Okay, then.
Blink to where?
Press: ? - help, Dir - move target, p - lemure
As you read the scroll of blinking, it crumbles to dust.
Pikel zaps a wand.
The mass of ice explodes!
The iceblast engulfs you!
You die...

# #.. ........÷....# # .. #.#
## #.#..<...# # ##.# . # #.#
##.#......# ######..... .# #.#
##......#### ....##.##.##.#
#.####......##
###..#.##....###.#.......#....#
##...##.....##.#.###..#####.#
####..†#..##..##.....#..# ..
#.........5.....@....#..# ..
..........K....>........# .
#).......§.5.........#..######
..[####.####..................
.#( #.# #.<.)....≈.≈.≈≈..## ...
..# ##≈$$...≈.≈≈.....# .
#####≈≈≈≈≈≈≈≈≈≈≈≈≈≈.≈≈≈≈#
##≈≈≈≈≈≈≈≈≈≈≈≈≈≈≈≈≈≈≈
###..≈≈≈≈..≈....≈.##


You could see Pikel and 2 lemures.

Vanquished Creatures
  A scorpion (D:4)
  A centaur skeleton (D:4)
  2 worker ants (D:4)
  7 adders
  An ooze (D:1)
  4 worms
  A dart slug (D:4)
  2 leopard geckos
  2 orcs (D:3)
  2 ball pythons
  2 giant cockroaches (D:2)
  10 goblins
  10 hobgoblins
  4 jackals (D:4)
  4 quokkas
  14 bats
  3 frilled lizards
  8 kobolds
  5 rats
83 creatures vanquished.

Notes
Turn   | Place    | Note
-------+----------+-------------------------------------------
     0 | D:1      | manyhoops the Palentonga Transmuter began the quest for the
                  | Orb.
     0 | D:1      | Reached XP level 1. HP: 17/17 MP: 3/3
     9 | D:1      | Noticed a bullfrog
   198 | D:1      | Reached XP level 2. HP: 17/25 MP: 5/5
   714 | D:1      | Reached XP level 3. HP: 33/33 MP: 4/6
  1356 | D:2      | Found a basalt altar of Yredelemnul.
  1601 | D:2      | Reached XP level 4. HP: 36/42 MP: 5/7
  1604 | D:2      | Learned a level 2 spell: Wereblood
  2316 | D:2      | Found a shimmering altar of Xom.
  2520 | D:2      | Found an ornate altar of the Wu Jian Council.
  2687 | D:3      | Found a sparkling altar of Nemelex Xobeh.
  2710 | D:3      | Found an iron altar of Okawaru.
  2915 | D:3      | Found a radiant altar of Vehumet.
  3621 | D:4      | Reached XP level 5. HP: 45/50 MP: 5/8
  3729 | D:4      | Reached skill level 4 in Unarmed Combat
  3888 | D:4      | Reached skill level 5 in Unarmed Combat
  4100 | D:4      | Noticed a lemure
  4100 | D:4      | Noticed a lemure
  4150 | D:4      | Reached XP level 6. HP: 28/56 MP: 3/9
  4645 | D:4      | Noticed Pikel
  4659 | D:4      | Killed from afar by Pikel

Illustrated notes

Levels and vault maps discovered:
D:1:      evilmike_arrival_come_back, layout_basic
D:2:      layout_basic, nzn_wu_jian_council_hall,
          nicolae_overflow_hidden_temple, general_overflow_altar,
          kennysheep_cross_room
D:3:      layout_basic, nicolae_overflow_crystal_walls, lemuel_doored_altar,
          lemuel_round_altar
D:4:      layout_rooms, serial_rivers, chequers_serial_rivers_marsh,
          chequers_serial_rivers_small_b, chequers_serial_rivers_small_3,
          chequers_serial_rivers_micro_a, uniq_menkaure, uniq_pikel

Skill      XL: |  1  2  3  4  5 |
---------------+----------------+-----
Fighting       | 2 3 4 |  4.4
Unarmed Combat | 5 |  5.2
Dodging        | |  1.5
Spellcasting   | |  2.0
Transmutations | |  2.0

Action                   |  1- 3 |  4- 6 || total
-------------------------+-------+-------++-------
Melee: Unarmed           |   108 |   221 ||   329
       Tailslap          |    12 |    17 ||    29
       Kick              |     7 |    22 ||    29
       Headbutt          |     4 |    14 ||    18
       Punch             |     1 |     1 ||     2
 Cast: Beastly Appendage |    11 |    21 ||    32
       Wereblood         |       |     1 ||     1
 Abil: Rolling Charge    |     1 |     2 ||     3
  Use: Scroll            |       |    12 ||    12
Armor: Robe              |    59 |    98 ||   157
Dodge: Dodged            |    83 |   132 ||   215
